AoeStats
← DGGMaster

Baltic

510386112Analyzed
3v3 RM · 1d ago on Sep 30, 2026· 50m 45s· 6 players
Game mode
Random Map
Map size
Normal (6 player)
Population
200
Speed
Normal
Resources
Standard
Victory
Conquest
Starting age
Dark Age
Ending age
Imperial Age
RankedLock teamsTeams togetherTeam positionsShared explorationLock speedFull tech treeHidden civsTurbo modeCheats
Victory
Defeat
🇧🇷 Wei · Brazil
1172
+13
🇳🇱 Persians · Netherlands
1082
+16
🇫🇷 Ethiopians · France
1061
+17
🇳🇱 Byzantines · Netherlands
1108
-16
🇳🇱 Vikings · Netherlands
1087
-15
🇳🇱 Romans · Netherlands
1076
-15
vandeblaffer
0:56 Loom
12:36 Feudal Age
13:51 Wheelbarrow
14:21 Double-Bit Axe
17:19 Castle Age
19:08 Horse Collar
19:40 Bow Saw
20:43 Heavy Plow
30:48 Imperial Age
28:41 Hand Cart
29:43 Forging
29:39 Scale Barding Armor
29:25 Fletching
30:01 Gold Mining
31:04 Iron Casting
30:49 Husbandry
30:59 Bloodlines
31:41 Chain Barding Armor
30:49 Cavalier
33:36 Blast Furnace
33:03 Conscription
33:23 Plate Barding Armor
34:36 Savar
43:57 Heavy Camel Rider
49:11 Light Cavalry
49:59 Hussar
necron
8:12 Loom
8:50 Loom
11:16 Feudal Age
15:51 Castle Age
13:34 Horse Collar
13:41 Double-Bit Axe
18:45 Wheelbarrow
22:13 Bow Saw
22:05 Heavy Plow
24:20 Crossbowman
27:20 Thumb Ring
27:25 Squires
28:15 Fletching
33:48 Imperial Age
32:05 Bodkin Arrow
33:06 Padded Archer Armor
33:30 Ballistics
34:21 Arbalester
36:14 Chemistry
35:21 Siege Engineers
35:55 Conscription
35:47 Gold Mining
36:21 Bracer
36:36 Leather Archer Armor
39:17 Ring Archer Armor
39:45 Torsion Engines
39:54 Scale Barding Armor
40:00 Forging
39:12 Light Cavalry
39:53 Husbandry
41:19 Hussar
45:25 Chain Barding Armor
45:40 Iron Casting
Chaves
6:54 Loom
12:00 Feudal Age
12:40 Horse Collar
13:05 Double-Bit Axe
13:23 Fishing Lines
16:17 Town Watch
16:34 Gold Mining
18:32 Stone Mining
21:01 Castle Age
19:06 Padded Archer Armor
19:00 Fletching
23:24 Wheelbarrow
23:02 Bow Saw
23:31 Gold Shaft Mining
27:11 Scale Mail Armor
27:39 Leather Archer Armor
27:20 Bodkin Arrow
30:13 Scale Barding Armor
31:47 Chain Barding Armor
37:05 Imperial Age
35:38 Heavy Plow
35:17 Pikeman
37:00 Man-at-Arms
37:30 Arson
37:47 Squires
39:30 Long Swordsman
40:40 Scale Mail Armor
41:26 Crop Rotation
41:33 Stone Shaft Mining
40:39 Two-Handed Swordsman
42:55 Forging
44:37 Parthian Tactics
45:30 Ring Archer Armor
45:01 Bracer
48:11 Chemistry
48:44 Chain Mail Armor
49:52 Ballistics
50:24 Hand Cart
DGGMaster
9:07 Loom
11:09 Feudal Age
13:23 Fletching
17:41 Castle Age
16:51 Double-Bit Axe
16:55 Horse Collar
18:44 Fletching
21:01 Bodkin Arrow
23:49 Ballistics
24:19 Town Watch
25:04 Bow Saw
25:37 Heavy Plow
31:28 Forging
34:28 Imperial Age
37:16 Chemistry
41:58 Bracer
47:42 Medium Warships
DS
8:19 Loom
10:56 Feudal Age
12:17 Double-Bit Axe
13:14 Fishing Lines
15:55 Wheelbarrow
15:37 Horse Collar
18:36 Castle Age
19:44 Medium Warships
19:46 Heavy Plow
20:13 Gillnets
21:21 Bow Saw
21:03 Town Watch
22:13 Pikeman
22:53 Squires
23:25 Gold Mining
24:30 Fervor
24:59 Masonry
25:02 Man-at-Arms
26:52 Scale Mail Armor
30:40 Imperial Age
29:03 Ballistics
29:13 Fletching
31:10 Ballistas
31:52 Heavy Warships
31:52 Long Swordsman
33:58 Chemistry
33:58 Heavy Scorpion
35:39 Bodkin Arrow
35:46 Halberdier
37:09 Conscription
38:27 Siege Engineers
39:03 Chain Mail Armor
40:26 Legionary
41:41 Forging
43:42 Murder Holes
44:18 Architecture
46:06 Iron Casting
47:33 Crop Rotation
47:19 Hand Cart
47:05 Town Patrol
48:44 Padded Archer Armor
49:46 Blast Furnace
48:38 Elite Skirmisher
bluemaster
5:41 Loom
11:11 Feudal Age
11:46 Double-Bit Axe
14:03 Horse Collar
23:01 Castle Age
21:11 Gold Mining
22:06 Scale Barding Armor
23:36 Fletching
23:48 Padded Archer Armor
23:41 Elite Skirmisher
24:23 Fishing Lines
25:48 Husbandry
26:08 Bow Saw
26:01 Heavy Plow
25:53 Crossbowman
26:06 Light Cavalry
28:49 Wheelbarrow
29:09 Leather Archer Armor
30:05 Bodkin Arrow
33:05 Chain Barding Armor
34:11 Forging
35:18 Scale Mail Armor
35:54 Iron Casting
37:56 Imperial Age
36:21 Hand Cart
36:37 Squires
37:40 Chain Mail Armor
39:08 Conscription
38:17 Pikeman
39:07 Heavy Camel Rider
40:37 Hussar
42:05 Ring Archer Armor
42:51 Bracer
43:54 Chemistry
45:28 Plate Barding Armor
47:10 Plate Mail Armor
Connection lost

Rejoining the realm…

Still unreachable

The connection could not be restored.

Session expired

The server has moved on; the page needs a fresh start.